 Dungeon Crawl Stone Soup version 0.30.1-3-gfc49f6343a (webtiles) character file.

Game seed: 1085826273109394378

4102 spardeous the Geomancer (level 9, 0/62 HPs)
             Began as a Demigod Earth Elementalist on July 21, 2023.
             Slain by a vampire (4 damage)
             ... on level 9 of the Dungeon.
             The game lasted 00:17:16 (9807 turns).

spardeous the Geomancer (DgEE)                      Turns: 9807, Time: 00:17:17

Health: 0/62       AC:  8    Str:  9    XL:     9   Next: 78%
Magic:  16/18      EV: 12    Int: 34    God:
Gold:   398        SH:  0    Dex: 20    Spells: 6/16 levels left

rFire   . . .        N - +1 hand axe of Xugimiar {freeze, Int+5}
rCold   . . .        C - orb {*channel}
rNeg    . . .        n - +1 leather armour
rPois   .            (no helmet)
rElec   .            J - +2 cloak
rCorr   .            (no gloves)
SInv    .            y - +0 pair of boots
Will    .....        (no amulet)
Stlth   +            L - +6 ring of dexterity
HPRegen 0.30/turn    I - ring of wizardry
MPRegen 0.16/turn

%: wizardry (x1), channel magic (20%)
@: silenced
A: high MP 1, forlorn, divine attributes
a: no special abilities


You were on level 9 of the Dungeon.
You visited 1 branch of the dungeon, and saw 9 of its levels.
You also visited: Sewer.

You collected 398 gold pieces.

Inventory:

Hand Weapons
 a - a +0 club
 d - a +0 vampiric hand axe
 N - the +1 hand axe of Xugimiar (weapon) {freeze, Int+5}
   (You found it on level 8 of the Dungeon)

   Int:       It affects your intelligence (+5).
Armour
 n - a +1 leather armour (worn)
 v - a +0 buckler
 y - a +0 pair of boots (worn)
 C - an orb of energy (worn)
 H - a +2 robe of positive energy
 J - a +2 cloak (worn)
Jewellery
 k - a +5 ring of evasion
 I - a ring of wizardry (right hand)
 L - a +6 ring of dexterity (left hand)
Wands
 s - a wand of light (12)
 w - a wand of charming (25)
Scrolls
 c - 2 scrolls of vulnerability
 f - 2 scrolls of noise
 i - 2 scrolls of poison
 l - 2 scrolls of amnesia
 m - 3 scrolls of enchant armour
 o - 2 scrolls of fog
 r - a scroll of immolation
 x - 5 scrolls of identify
 B - a scroll of fear {unknown}
 D - 2 scrolls of teleportation
Potions
 e - a potion of berserk rage
 g - 6 potions of curing {unknown}
 h - 2 potions of mutation
 p - 2 potions of attraction {unknown}
 q - a potion of resistance
 t - 3 potions of cancellation
 u - 2 potions of ambrosia
 z - 2 potions of might {unknown}
 F - a potion of invisibility {unknown}
 G - a potion of brilliance {unknown}
 K - a potion of degeneration {unknown}


   Skills:
 - Level 1.7 Dodging
 - Level 1.7 Stealth
 - Level 4.1 Spellcasting
 - Level 5.0 Conjurations
 + Level 5.9 Transmutations
 - Level 10.3 Earth Magic


You had 6 spell levels left.
You knew the following spells:

 Your Spells              Type           Power      Damage    Failure   Level
a - Sandblast             Erth           100%       2d20      1%          1
b - Stone Arrow           Conj/Erth      100%       3d13      1%          3
c - Statue Form           Tmut/Erth      38%        N/A       28%         6

Your spell library contained the following spells:

 Spells                   Type           Power      Damage    Failure   Level
 Magic Dart               Conj           100%       1d8       1%          1
 Passwall                 Tmut/Erth      48%        N/A       1%          2
 Searing Ray              Conj           82%        2d7       2%          2
 Petrify                  Tmut/Erth      58%        N/A       3%          4
 Shock                    Conj/Air       96%        1d9       4%          1
 Lee's Rapid Deconstruct  Erth           33%        3d17*     4%          5
 Ignite Poison            Fire/Tmut/Pois 20%        N/A       9%          3
 Leda's Liquefaction      Hex/Erth       21%        N/A       9%          4
 Fulminant Prism          Conj/Hex       12%        3d8       21%         4
 Sticky Flame             Conj/Fire      24%        2d5       21%         4
 Ignition                 Fire           3%         3d4       100%        8
 Summon Horrible Things   Summ           3%         N/A       100%        8


Dungeon Overview and Level Annotations

Branches:
Dungeon (9/15)             Temple (0/1) D:5           Sewer (visited)
   Lair: D:8-11         Orc: D:9-12


Innate Abilities, Weirdness & Mutations

You have an increased reservoir of magic. (+10% MP)
You shall have no god before yourself.
Your divine heritage dramatically boosts your attributes as you level up.


Message History

As you read the scroll labelled WEXKUNKOLAWN, it crumbles to dust.
You feel strangely unstable.
It was a scroll of teleportation.
Casting: Stone Arrow (safe; 1% risk of failure)
Confirm with . or Enter, or press ? or * to list all spells.
You can't see any susceptible monsters within range! (Use Z to cast anyway.)
The vampire gestures wildly while chanting.
The vampire flickers and vanishes!
Deactivating autopickup; reactivate with Ctrl-A.
Casting: Stone Arrow (safe; 1% risk of failure)
Confirm with . or Enter, or press ? or * to list all spells.
You can't see any susceptible monsters within range! (Use Z to cast anyway.) Unknown command.
Casting: Stone Arrow (safe; 1% risk of failure)
Confirm with . or Enter, or press ? or * to list all spells.
Aiming: Stone Arrow (safe; 1% risk of failure)
Press: ? - help, Shift-Dir - straight line Out of range.
Okay, then.
The troll shouts!
Casting: Stone Arrow (safe; 1% risk of failure)
Confirm with . or Enter, or press ? or * to list all spells.
Aiming: Stone Arrow (safe; 1% risk of failure)
Press: ? - help, Shift-Dir - straight line Your surroundings seem slightly different.
Unknown command.
Unknown command.
Casting: Stone Arrow (safe; 1% risk of failure)
Confirm with . or Enter, or press ? or * to list all spells.
Aiming: Stone Arrow (safe; 1% risk of failure)
Press: ? - help, Shift-Dir - straight line, f - troll
Aim: a troll (78% to hit)
Okay, then.
The troll attacks as you move away! The troll bites you.
* * * LOW HITPOINT WARNING * * *
The troll claws you but does no damage. x2
Something hits you but does no damage. Something bites you but does no damage.
Okay, then.
As you read the scroll labelled CEUTICVUUPUETU, it crumbles to dust.
A profound silence engulfs you.
It was a scroll of silence.
Something hits you.
You die...

... #.# #.# #.# #.#
###~~~~~~##.# ##
##~~~~~~~~##.#
..###~~~~~~~~~##T#
....~~~~~~~~~~##@#
...~~~~~~~~~~# #{#.#
...~~~~~~~~~# #.#.# #
...~~~~~~~~#####.#.#..#
#~~~~~~~~..........#
##~~~~~~~~###.#.#..y. #
##~~~~~~~~##.#.# #.#
#####~~~~~~~~~##.#.#.....
....~~~~~~~~~~##.†....#


You could see a troll.

Vanquished Creatures
  A two-headed ogre (D:8)
  Pikel (D:6)
  A hornet (D:7)
  A wyvern (D:4)
  2 humans (D:7)
  Eustachio (D:5)
  Duvessa (D:7)
  A water moccasin (D:6)
  A black bear (D:4)
  An orc warrior (D:9)
  2 ogres
  2 bullfrogs
  3 scorpions
  8 wights
  Dowan (D:8)
  3 killer bees (D:9)
  3 electric eels (D:9)
  4 hounds
  A jelly (D:7)
  A quasit (D:7)
  2 orc priests
  A gnoll bouda (D:7)
  An iguana (D:5)
  A sleepcap (D:5)
  2 orc wizards
  A hell rat (Sewer)
  13 gnolls
  7 adders
  3 river rats
  2 white imps
  2 ufetubi
  A worm (D:4)
  A dart slug (D:1)
  23 orcs
  6 endoplasms
  5 giant cockroaches
  5 goblins
  7 hobgoblins
  5 jackals
  9 quokkas
  10 ball pythons
  3 bats
  3 frilled lizards
  2 hobgoblin zombies (D:7)
  8 kobolds
  2 kobold skeletons (D:7)
  A kobold zombie (D:7)
  An orc skeleton (D:7)
  An orc zombie (D:7)
  9 rats
176 creatures vanquished.

Notes
Turn   | Place    | Note
-------+----------+-------------------------------------------
     0 | D:1      | spardeous the Demigod Earth Elementalist began the quest
                  | for the Orb.
     0 | D:1      | Reached XP level 1. HP: 14/14 MP: 5/5
    72 | D:1      | Reached skill level 3 in Earth Magic
   271 | D:1      | Reached XP level 2. HP: 20/20 MP: 5/7
  1796 | D:3      | Reached XP level 3. HP: 26/26 MP: 5/8
  1842 | D:3      | Reached skill level 4 in Earth Magic
  1881 | D:3      | Found a glowing drain.
  1909 | Sewer    | Entered a sewer
  2038 | Sewer    | Reached XP level 4. HP: 15/33 MP: 3/9
  2269 | D:3      | Reached skill level 5 in Earth Magic
  2377 | D:3      | Reached XP level 5. HP: 38/38 MP: 2/10
  3546 | D:4      | Noticed a black bear
  3557 | D:4      | Killed a black bear
  3558 | D:4      | Reached XP level 6. HP: 19/45 MP: 5/13
  4231 | D:4      | Noticed a wyvern
  4241 | D:5      | Entered Level 5 of the Dungeon
  4479 | D:5      | Learned a level 3 spell: Stone Arrow
  4484 | D:5      | Noticed Eustachio
  4486 | D:5      | Reached skill level 1 in Conjurations
  4522 | D:5      | Killed Eustachio
  4523 | D:5      | Reached XP level 7. HP: 42/50 MP: 1/16
  4645 | D:5      | Found a staircase to the Ecumenical Temple.
  4811 | D:5      | Got the Octavo of the Phantasmal Impact
  4822 | D:5      | Reached skill level 6 in Earth Magic
  5590 | D:6      | Noticed Pikel
  5636 | D:6      | Killed Pikel
  5637 | D:6      | Reached skill level 8 in Earth Magic
  5637 | D:6      | Reached XP level 8. HP: 53/57 MP: 5/17
  6750 | D:7      | Reached skill level 9 in Earth Magic
  6756 | D:7      | Noticed Duvessa
  6757 | D:7      | Noticed Dowan
  6768 | D:7      | Killed Duvessa
  6785 | D:8      | Killed Dowan
  7347 | D:7      | Noticed a hornet
  7352 | D:7      | Killed a hornet
  7353 | D:7      | Reached skill level 10 in Earth Magic
  7353 | D:7      | Reached XP level 9. HP: 62/62 MP: 5/18
  8421 | D:4      | Reached skill level 5 in Conjurations
  8828 | D:8      | Noticed a two-headed ogre
  8833 | D:8      | Killed a two-headed ogre
  8841 | D:8      | Learned a level 6 spell: Statue Form
  8905 | D:8      | Identified the +1 hand axe of Xugimiar {freeze, Int+5}
  9190 | D:8      | Reached skill level 5 in Transmutations
  9796 | D:9      | HP: 1/62 [vampire (11)]
  9806 | D:9      | HP: 3/62 [troll (4)]
  9807 | D:9      | Slain by a vampire

Illustrated notes

Levels and vault maps discovered:
D:1:      minmay_arrival_glassed_features, layout_basic
D:2:      layout_basic, dreamdust_ecumenical_altar_hidden_monk_grotto,
          minmay_misc_feat_rugged, lightli_corner_chamber
D:3:      minmay_evil_eye, layout_loops_corners, portal_sewer_entry_b,
          hangedman_abyss_or_decor_stabs, minivault_5
D:4:      cheibrodos_barr_body, layout_basic, grunt_ministairs_12
D:5:      layout_cave_pools, minmay_temple_entry_trees, kennysheep_another_room,
          uniq_eustachio
D:6:      nicolae_cairo_tiling_very_big, layout_cave_pods, uniq_pikel
D:7:      layout_loops_ring, nicolae_tso_besieged_by_evil, okawaru_humans,
          amethyst_killhole, uniq_duvessa
D:8:      layout_loops_ring
D:9:      layout_basic, erik_lair_orcish_takeover, david_orc_5,
          kennysheep_path_1

Skill      XL: |  1  2  3  4  5  6  7  8  9 |
---------------+----------------------------+-----
Earth Magic    | 3 4 5 8 10 | 10.3
Spellcasting   | 2 4 |  4.1
Conjurations   | 2 3 5 |  5.0
Transmutations | 5 |  5.9
Dodging        | |  1.7
Stealth        | |  1.7

Action                     |  1- 3 |  4- 6 |  7- 9 || total
---------------------------+-------+-------+-------++-------
  Melee: Unarmed           |    12 |       |       ||    12
         Hand axe          |       |     5 |     2 ||     7
         Whip              |       |       |    21 ||    21
   Cast: Sandblast         |    70 |    90 |    66 ||   226
         Stone Arrow       |       |     2 |    81 ||    83
    Use: Scroll            |       |    12 |     3 ||    15
         Potion            |       |     1 |     5 ||     6
 Armour: Robe              |     4 |       |       ||     4
         Leather armour    |     4 |     1 |    33 ||    38
  Dodge: Dodged            |    42 |    49 |    66 ||   157
